 Dungeon Crawl Stone Soup version 0.30-a0-777-ga9a30cbeda (webtiles) character file.

Game seed: 15978539372554518609

296 Sabo the Conjurer (level 6, -2/37 HPs)
             Began as an Octopode Conjurer on Feb 13, 2023.
             Killed by nerve-wracking pain
             ... invoked by Grinder
              (14 damage)
             ... on level 5 of the Dungeon.
             The game lasted 00:24:41 (5084 turns).

Sabo the Conjurer (Octopode Conjurer)               Turns: 5084, Time: 00:24:42

Health: -2/37      AC:  8    Str:  6    XL:     6   Next: 34%
Magic:  9/11       EV: 13    Int: 23    God:
Gold:   94         SH:  0    Dex: 10    Spells: 10/11 levels left

rFire   . . .      SeeInvis +    p - +0 trident (protect)
rCold   . . .      Faith    .    (no shield)
rNeg    . . .      Spirit   .    (helmet restricted)
rPois   +          Reflect  .    (no amulet)
rElec   .          Harm     .    l - ring of poison resistance
rCorr   .          Rampage  .    q - ring of see invisible
Will    .....                    (no ring)
Stlth   +++                      (no ring)
HPRegen 0.26/turn                (no ring)
MPRegen 0.12/turn                (no ring)
                                 (no ring)
                                 (no ring)

@: under a protective aura, studying Invocations
A: almost no armour, amphibious, 8 rings, camouflage 1, gelatinous body 1,
(nimble swimmer 1), tentacles
a: no special abilities


You were on level 5 of the Dungeon.
You visited 1 branch of the dungeon, and saw 5 of its levels.

You collected 180 gold pieces.
You spent 86 gold pieces at shops.

Inventory:

Hand Weapons
 k - a +0 sling
 p - a +0 trident of protection (weapon)
 u - a +1 hand axe of electrocution
 v - a +1 flail of draining
 w - a +0 whip of electrocution
Missiles
 b - 6 boomerangs (quivered)
 m - 3 javelins
Armour
 g - a +0 buckler
Jewellery
 l - a ring of poison resistance (left tentacle)
 q - a ring of see invisible (right tentacle)
Scrolls
 d - a scroll of magic mapping
 e - a scroll of teleportation
 i - a scroll of poison
 n - a scroll of butterflies
 o - a scroll of fog {unknown}
 r - 2 scrolls of blinking
Potions
 a - a potion of magic
 c - 4 potions of might {unknown}
 f - a potion of berserk rage {unknown}
 h - a potion of ambrosia {unknown}
 j - a potion of resistance {unknown}
 s - 2 potions of invisibility {unknown}
 t - 2 potions of curing {unknown}


   Skills:
 + Level 0.3 Fighting
 + Level 0.4 Polearms
 + Level 0.4 Throwing
 + Level 2.3 Dodging
 + Level 4.1 Stealth
 + Level 3.4 Spellcasting
 + Level 5.6 Conjurations
 * Level 2.4 Invocations


You had 10 spell levels left.
You knew the following spells:

 Your Spells              Type           Power      Damage    Failure   Level
a - Magic Dart            Conj           100%       1d8       1%          1

Your spell library contained the following spells:

 Spells                   Type           Power      Damage    Failure   Level
 Searing Ray              Conj           58%        2d6       1%          2
 Beastly Appendage        Tmut           8%         N/A       11%         1
 Dazzling Flash           Conj/Hex       32%        N/A       11%         3
 Wereblood                Tmut           4%         N/A       17%         2
 Spider Form              Tmut/Pois      4%         N/A       32%         3
 Fulminant Prism          Conj/Hex       8%         3d7       34%         4
 Iskenderun's Mystic Bla  Conj/Tloc      16%        2d5       34%         4


Dungeon Overview and Level Annotations

Branches:
Dungeon (5/15)
 Temple: D:4-7

Altars:
Elyvilon
Uskayaw

Shops:
D:2 (

Annotations:
D:2 1 runed translucent door
D:5 Grinder


Innate Abilities, Weirdness & Mutations

You cannot wear most types of armour.
You are amphibious.
You can wear up to eight rings at the same time.
Your skin changes colour to match your surroundings (Stealth+).
Your rubbery body absorbs attacks. (AC +1, EV +1)
((You are camouflaged when in or above water. (Stealth+)))
You have tentacles for arms and can constrict up to eight enemies at once.


Message History

w - a +0 whip of electrocution
Things that are here:
a +0 dagger; a +0 robe Grinder comes into view.
Grinder shouts!
Grinder blinks!
You hit Grinder.
Your weapon exudes an aura of protection.
You grab Grinder.
Grinder is lightly wounded.
You constrict Grinder.
A scorpion comes into view.
Grinder gestures at you.
You barely resist. You puncture Grinder!
Grinder is moderately wounded.
You constrict Grinder, but do no damage.
Grinder misses you. Grinder barely misses you.
You hit Grinder.
Grinder is heavily wounded.
You constrict Grinder. Grinder completely misses you.
You hit Grinder but do no damage. You squeeze Grinder!
Grinder is severely wounded.
You constrict Grinder. Grinder hits you!
You writhe in agony.
You barely miss Grinder.
Grinder is severely wounded.
You constrict Grinder. Grinder barely misses you. Grinder misses you.
You hit Grinder.
Grinder is severely wounded.
You constrict Grinder.
Grinder says, "FISH!"
Grinder gestures at you. Pain shoots through your body!
* * * LOW HITPOINT WARNING * * *
You hit Grinder but do no damage.
Grinder is almost dead.
You constrict Grinder. Grinder gestures at you. Pain shoots through your body!
You die...

#######...#
#.........#
####.#########
.....#.......#
###..#.....#.#
#..#####.#.#
#.......<..#
#.####################
#.)...).......@5s.....
################...##.
..... .... ... .. .


You could see Grinder and a scorpion.

Vanquished Creatures
  A scorpion (D:4)
  A hound (D:4)
  An iguana (D:4)
  3 orc wizards
  4 adders
  A worm (D:2)
  9 orcs
  9 ball pythons
  5 endoplasms
  5 giant cockroaches
  5 goblins
  4 hobgoblins
  4 kobolds
  A quokka (D:1)
  4 bats
  A frilled lizard (D:2)
  2 rats (D:1)
60 creatures vanquished.

Vanquished Creatures (others)
  A fungus (D:2)
  8 plants (D:4)
9 creatures vanquished.

Grand Total: 69 creatures vanquished

Notes
Turn   | Place    | Note
-------+----------+-------------------------------------------
     0 | D:1      | Sabo the Octopode Conjurer began the quest for the Orb.
     0 | D:1      | Reached XP level 1. HP: 11/11 MP: 3/3
   281 | D:1      | Reached XP level 2. HP: 17/17 MP: 1/5
  1211 | D:2      | Reached XP level 3. HP: 21/21 MP: 4/6
  1380 | D:2      | Found a runed translucent door.
  1509 | D:2      | You fall into a shaft and drop 2 floors!
  1593 | D:2      | Found Hiticaq's Weapon Shoppe.
  1862 | D:2      | Reached skill level 5 in Conjurations
  2153 | D:2      | Reached XP level 4. HP: 27/27 MP: 3/7
  2589 | D:2      | Bought a +0 trident of protection for 86 gold pieces
  2879 | D:3      | Found a hide-covered altar of Uskayaw.
  3691 | D:3      | Found a faded altar of an unknown god.
  4026 | D:4      | Reached XP level 5. HP: 21/31 MP: 3/9
  4096 | D:4      | Reached skill level 1 in Invocations
  4385 | D:4      | Reached XP level 6. HP: 25/36 MP: 4/10
  4830 | D:4      | Found a white marble altar of Elyvilon.
  4900 | D:4      | Identified the +1 chain mail of Weirdness {Int-4 Dex+6}
  4963 | D:5      | Entered Level 5 of the Dungeon
  5077 | D:5      | Noticed Grinder
  5084 | D:5      | Killed from afar by Grinder

Illustrated notes

Levels and vault maps discovered:
D:1:      onia_arrival_pyramid, layout_basic
D:2:      layout_basic, serial_shops, nicolae_shop_window_shopping,
          uniq_crazy_yiuf_cottage
D:3:      minmay_evil_eye, layout_loops_corners, eat_drink_and_be_merry_uskayaw,
          shapermc_ecumenical_altar_mp_highgroup, small_statue_intersection
D:4:      layout_rooms, elyvilon_altar_1, serial_bayou_lagoon_b
D:5:      layout_basic, nicolae_ossuary_entry_catacombs, uniq_blork_the_orc,
          uniq_grinder

Skill      XL: |  1  2  3  4  5  6 |
---------------+-------------------+-----
Stealth        | 3 4 |  4.1
Conjurations   | 5 |  5.6
Spellcasting   | 3 |  3.4
Invocations    | 1 2 |  2.4
Fighting       | |  0.3
Polearms       | |  0.4
Throwing       | |  0.4
Dodging        | |  2.3

Action                     |  1- 3 |  4- 6 || total
---------------------------+-------+-------++-------
  Melee: Spear             |    71 |       ||    71
         Tentacles         |    23 |     8 ||    31
         Constrict         |     2 |     7 ||     9
         Punch             |     1 |     1 ||     2
         Trident           |       |    35 ||    35
  Throw: Boomerang         |     3 |       ||     3
   Cast: Magic Dart        |    61 |    67 ||   128
    Use: Scroll            |       |     7 ||     7
 Armour: Skin              |     1 |     8 ||     9
  Dodge: Dodged            |     8 |    17 ||    25

Table legend: (Time is in decaauts)
 A = Elapsed time spent in this place.
 B = Non-inter-level travel time spent in this place.
 C = Inter-level travel time spent in this place.
 D = Time resting spent in this place.
 E = Time spent auto-exploring this place.
 F = Levels seen in this place.
 G = Mean time per level.
                   A        B        C        D        E       F      G
               +--------+--------+--------+--------+--------+-----+--------+
         Total |   5099 |   5099 |      0 |   1466 |      0 |   5 | 1019.8 |
       Dungeon |   5099 |   5099 |      0 |   1466 |      0 |   5 | 1019.8 |
               +--------+--------+--------+--------+--------+-----+--------+

Top non-repeatable levels by time:
     D:2: 1614 daAuts
     D:4: 1215 daAuts
     D:3: 1141 daAuts
     D:1: 1004 daAuts
     D:5: 123 daAuts
